 Dungeon Crawl Stone Soup version 0.31-a0-859-g9dce7d3444 (webtiles) character file.

Game seed: 5959653216686361078

2492 Dirtsage the Grappler (level 9, -4/62 HPs)
             Began as an Octopode Shapeshifter on Oct 9, 2023.
             Was an Initiate of Wu Jian.
             Slain by a gnoll sergeant
             ... wielding a +5 vampiric spear
              (12 damage)
             ... on level 7 of the Dungeon.
             The game lasted 00:12:14 (5491 turns).

Dirtsage the Grappler (Octopode Shapeshifter)       Turns: 5491, Time: 00:12:14

Health: -4/62      AC:  1    Str: 17    XL:     9   Next: 52%
Magic:  9/9        EV:  7    Int: 13    God:    Wu Jian [......]
Gold:   234        SH:  0    Dex: 11    Spells: 8/8 levels left

rFire   . .          .
                       - Unarmed
rCold   + . .        (shield currently unavailable)
rNeg    + . .        (helmet restricted)
rPois   +            h - amulet of faith
rElec   .            P - ring of poison resistance
rCorr   .            N - ring of positive energy
SInv    .            p - +4 ring of slaying
Will    .....        I - ring of protection from cold
Stlth   +            (no ring)
HPRegen 0.30/turn    (no ring)
MPRegen 0.11/turn    (no ring)
                     (no ring)

%: faith
@: flux-form, held, glowing
A: glow, contaminating, almost no armour, amphibious, 8 rings, camouflage 1,
gelatinous body 1, (nimble swimmer 1), tentacles
a: Begin Untransformation, Renounce Religion


You were on level 7 of the Dungeon.
You worshipped Wu Jian.
Wu Jian was noncommittal.
You were something dangerously unstable.
You visited 2 branches of the dungeon, and saw 8 of its levels.

You collected 311 gold pieces.
You spent 77 gold pieces at shops.

Inventory:

Magical Staves
 x - a staff of poison
Jewellery
 h - an amulet of faith (around mantle)
 p - a +4 ring of slaying (on tentacle)
 I - a ring of protection from cold (on tentacle)
 N - a ring of positive energy (right tentacle)
 P - a ring of poison resistance (left tentacle)
Talismans
 b - a beast talisman
 c - a flux talisman (active)
Wands
 s - a wand of flame (8)
 y - a wand of charming (5)
 A - a wand of quicksilver (2)
Scrolls
 i - a scroll of fog {unknown}
 j - 2 scrolls of amnesia
 k - 2 scrolls of immolation
 l - a scroll of enchant weapon {unknown}
 t - a scroll of teleportation
 u - a scroll of fear {unknown}
 v - 2 scrolls of enchant armour {unknown}
 w - a scroll of revelation {unknown}
 B - 3 scrolls of blinking
Potions
 a - a potion of ambrosia
 d - 2 potions of might {unknown}
 e - a potion of degeneration {unknown}
 f - 2 potions of mutation
 g - a potion of enlightenment {unknown}
 m - 2 potions of resistance {unknown}
 n - a potion of attraction {unknown}
 o - a potion of cancellation {unknown}
 q - 3 potions of curing
 r - a potion of brilliance {unknown}
 z - 2 potions of invisibility {unknown}
 C - a potion of magic {unknown}


   Skills:
 + Level 6.0 Fighting
 - Level 2.0 Dodging
 * Level 9.2 Unarmed Combat
 + Level 7.0 Shapeshifting


You had 8 spell levels left.
You didn't know any spells.
Your spell library contained the following spells:

 Spells                   Type           Power      Damage    Failure   Level
 Freeze                   Ice            0%         1d3       30%         1
 Magic Dart               Conj           0%         1d3       30%         1
 Call Imp                 Summ           0%         N/A       43%         2
 Frozen Ramparts          Ice            0%         1d1       67%         3
 Hailstorm                Conj/Ice       0%         3d3       67%         3
 Inner Flame              Hex/Fire       0%         N/A       67%         3
 Mephitic Cloud           Conj/Pois/Air  0%         N/A       67%         3
 Flame Wave               Conj/Fire      0%         2d4       97%         4
 Sticky Flame             Conj/Fire      0%         2d3       97%         4


Dungeon Overview and Level Annotations

Branches:
Dungeon (7/15)             Temple (1/1) D:4

Altars:
Ashenzari
Cheibriados
Dithmenos
Elyvilon
Kikubaaqudgha
Nemelex Xobeh
Okawaru
Trog
Uskayaw
Wu Jian
Xom
Yredelemnul

Shops:
D:1 =*=

Annotations:
D:3 1 runed translucent door, Shym's ghost, amateur DsWn


Innate Abilities, Weirdness & Mutations

You are something dangerously unstable.
You glow with magical radiation, making you easy to see and hit.
Foes you strike become dangerously contaminated with magical radiation.
You are incapable of wielding weapons or throwing items.
You cannot wear most types of armour.
You are amphibious.
You can wear up to eight rings at the same time.
Your skin changes colour to match your surroundings (Stealth+).
Your rubbery body absorbs attacks. (AC +1, EV +1)
((You are camouflaged when in or above water. (Stealth+)))
You have tentacles for arms and can constrict up to eight enemies at once.


Message History

You barely miss the gnoll. You grab the gnoll. You constrict the gnoll. x2
The gnoll closely misses you. x2
You bludgeon the gnoll!
The gnoll begins to glow.
The gnoll is severely wounded.
You constrict the gnoll. x2; The gnoll hits you with a +0 flail!
You take 8 damage, and have 54/62 hp.
You tentacle-slap the gnoll.
You kill the gnoll!
The Council accepts your kill.
You constrict the gnoll.
You kill the gnoll!
The Council accepts your kill.
You lunge at the kobold.
You barely miss the kobold. You grab the kobold. You squeeze the kobold.
The kobold is severely wounded.
You constrict the kobold.
You kill the kobold!
The Council accepts your kill.
The gnoll throws a throwing net.
The throwing net hits you.
You become entangled in the net!
The gnoll sergeant hits you from afar with a +5 vampiric spear!
Items here: ( )) †.
You take 8 damage, and have 46/62 hp.
You struggle against the net.
The gnoll sergeant hits you from afar with a +5 vampiric spear.
You take 4 damage, and have 42/62 hp.
You struggle against the net.
The gnoll hits you with a +0 whip.
The gnoll sergeant hits you from afar with a +5 vampiric spear!
The kobold brigand hits you with a +0 short sword.
You take 13 damage, and have 29/62 hp.
MASSIVE DAMAGE!!
You struggle against the net.
The gnoll hits you with a +0 whip!
The gnoll sergeant hits you from afar with a +5 vampiric spear!
* * * LOW HITPOINT WARNING * * *
The kobold brigand hits you with a +0 short sword!
* * * LOW HITPOINT WARNING * * *
You take 22 damage, and have 7/62 hp.
MASSIVE DAMAGE!!
You feel better. The gnoll hits you with a +0 whip.
* * * LOW HITPOINT WARNING * * *
The gnoll sergeant hits you from afar with a +5 vampiric spear!
You die...

# # #. ..#.
#.##. ..#.
...... ...#
......####..#
......Kg##..#
..g. #K##..
...Kg #p##.#
.....g#g##.#
......)Kg<.#
...........#
...........#
#######....#
#....# #.####
#.#


You could see a kobold brigand, a gnoll sergeant, 2 gnolls and 2 kobolds.

Vanquished Creatures
  Pikel (D:4)
  Grinder (D:3)
  Sigmund (D:2)
  A water moccasin (D:4)
  Edmund (D:4)
  3 black bears
  A phantom (D:5)
  3 bullfrogs (D:6)
  8 scorpions
  2 jellies (D:6)
  A hound (D:4)
  2 sleepcaps
  An iguana (D:6)
  7 gnolls
  12 adders
  A shadow imp (D:5)
  4 dart slugs
  5 orcs (D:3)
  6 ball pythons
  14 bats
  7 endoplasms
  6 giant cockroaches
  6 goblins
  9 hobgoblins
  10 kobolds
  3 quokkas
  6 frilled lizards
  7 rats
129 creatures vanquished.

Notes
Turn   | Place    | Note
-------+----------+-------------------------------------------
     0 | D:1      | Dirtsage the Octopode Shapeshifter began the quest for the
                  | Orb.
     0 | D:1      | Reached XP level 1. HP: 13/13 MP: 1/1
    49 | D:1      | Found Usouggen's Jewellery Shop.
    60 | D:1      | Found Rale's General Store.
    68 | D:1      | Reached XP level 2. HP: 17/18 MP: 2/2
   188 | D:1      | Found Anuxkurph's One-of-a-Kind Rings.
   191 | D:1      | Reached XP level 3. HP: 23/23 MP: 3/3
   644 | D:2      | Noticed Sigmund
   652 | D:2      | Killed Sigmund
   653 | D:2      | Reached skill level 4 in Unarmed Combat
   653 | D:2      | Reached XP level 4. HP: 10/30 MP: 4/4
   653 | D:2      | Reached XP level 5. HP: 11/35 MP: 5/5
   935 | D:2      | Reached XP level 6. HP: 32/41 MP: 6/6
   990 | D:2      | Found a faded altar of an unknown god.
  1027 | D:2      | You fall into a shaft and drop 1 floor!
  1715 | D:1      | Bought a potion of curing for 33 gold pieces
  1715 | D:1      | Bought a scroll of identify for 22 gold pieces
  1715 | D:1      | Bought a scroll of identify for 22 gold pieces
  2022 | D:3      | Noticed Grinder
  2028 | D:3      | Killed Grinder
  2029 | D:3      | Reached skill level 5 in Unarmed Combat
  2029 | D:3      | Reached skill level 5 in Shapeshifting
  2029 | D:3      | Reached XP level 7. HP: 44/46 MP: 7/7
  2121 | D:3      | Found a runed translucent door.
  2123 | D:3      | Noticed Shym's ghost (amateur DsWn)
  2551 | D:4      | Noticed Pikel
  2643 | D:4      | Killed Pikel
  2644 | D:4      | Reached skill level 6 in Unarmed Combat
  2644 | D:4      | Reached XP level 8. HP: 54/54 MP: 8/8
  2972 | D:4      | Found a staircase to the Ecumenical Temple.
  2981 | Temple   | Entered the Ecumenical Temple
  3113 | D:4      | Reached skill level 7 in Unarmed Combat
  3563 | D:4      | Noticed Edmund
  3579 | D:4      | Killed Edmund
  3818 | D:5      | Entered Level 5 of the Dungeon
  4028 | D:5      | Found an iron altar of Okawaru.
  4055 | D:5      | Reached skill level 5 in Fighting
  4312 | D:5      | Found a hide-covered altar of Uskayaw.
  4376 | D:5      | Reached skill level 8 in Unarmed Combat
  4423 | D:5      | Reached XP level 9. HP: 55/61 MP: 9/9
  4430 | D:5      | Found the +11 Singing Sword {sonic wave}
  4915 | D:6      | Found an ornate altar of the Wu Jian Council.
  4920 | D:6      | Became a worshipper of the Wu Jian Council
  5248 | D:6      | Found a bloodstained altar of Trog.
  5257 | D:6      | Reached skill level 9 in Unarmed Combat
  5446 | D:7      | Noticed a troll
  5491 | D:7      | Slain by a gnoll sergeant

Illustrated notes

Levels and vault maps discovered:
D:1:      dpeg_arrival_rhombus, layout_rooms, serial_shops,
          nicolae_diamond_shop, nicolae_shop_statue_plus,
          nicolae_shop_unique_rings
D:2:      minmay_diamond_boxcup, layout_basic,
          shapermc_ecumenical_altar_pompeii, minmay_cut_off, uniq_sigmund
D:3:      layout_loops_corners, ebering_ghost_reflecting_pool, uniq_grinder
D:4:      layout_gridville, minmay_temple_entry_statues_fountains, uniq_pikel,
          uniq_edmund
D:5:      old_forge, layout_cave_pools, nicolae_uskayaw_suspiria,
          mainiacjoe_overflow_alcove_4
D:6:      layout_loops_cross, bloody_trog, mainiacjoe_overflow_six_doors_small
D:7:      layout_basic, nicolae_ru_path_of_blood, kennysheep_generic_room_10,
          uniq_menkaure, uniq_joseph
Temple:   hellmonk_temple_rainy

Skill      XL: |  1  2  3  4  5  6  7  8  9 |
---------------+----------------------------+-----
Fighting       | 2 3 4 5 6 |  6.0
Unarmed Combat | 4 5 6 8 9 |  9.2
Shapeshifting  | 4 5 6 7 |  7.0
Dodging        | |  2.0

Action                     |  1- 3 |  4- 6 |  7- 9 || total
---------------------------+-------+-------+-------++-------
  Melee: Unarmed           |    57 |    62 |   129 ||   248
         Constrict         |    10 |    16 |    38 ||    64
         Punch             |     1 |     3 |     8 ||    12
         Tentacles         |     8 |    11 |    42 ||    61
Ability: Lunge             |       |       |     5 ||     5
    Use: Potion            |     1 |       |     2 ||     3
         Scroll            |       |     5 |     3 ||     8
   Stab: Sleeping          |     7 |     1 |     7 ||    15
         Distracted        |     1 |       |       ||     1
 Armour: Skin              |    33 |    23 |    62 ||   118
  Dodge: Dodged            |    33 |    29 |    55 ||   117
   Form: Flux              |       |       |     1 ||     1

Table legend: (Time is in decaauts)
 A = Elapsed time spent in this place.
 B = Non-inter-level travel time spent in this place.
 C = Inter-level travel time spent in this place.
 D = Time resting spent in this place.
 E = Time spent auto-exploring this place.
 F = Levels seen in this place.
 G = Mean time per level.
                   A        B        C        D        E       F      G
               +--------+--------+--------+--------+--------+-----+--------+
         Total |   5460 |   5152 |    308 |    813 |   3557 |   8 |  682.5 |
       Dungeon |   5450 |   5142 |    308 |    813 |   3557 |   7 |  778.6 |
        Temple |      9 |      9 |      0 |      0 |      0 |   1 |    9.0 |
               +--------+--------+--------+--------+--------+-----+--------+

Top non-repeatable levels by time:
     D:4: 1291 daAuts
     D:2: 939 daAuts
     D:5: 918 daAuts
     D:3: 884 daAuts
     D:6: 700 daAuts
     D:1: 675 daAuts
     D:7: 40 daAuts
  Temple: 9 daAuts
